Map: Orbital Shipyard

Players

Zarmoxis - Winner!

  • Race: Terran Terran
  • League: Platinum

Nny

  • Race: Zerg Zerg
  • League: Gold

VOD

Have the link to the VOD?

Description

Time

  • Played on: Aug. 23, 2015, 6:51 a.m.
  • Length: 9:46
Show
View Real Time Build Order
Export as new Build Order

Zarmoxis Terran - Winner!

Build Orders: Liberator Opening, Reaper Expand 

Get SALT Encoding   

  12  0:01  SCV  
  13  0:13  SCV  
  14  0:18  Supply Depot  
  14  0:25  SCV  
  15  0:39  SCV  
  15  0:42  Barracks  
  16  0:45  Refinery  
  16  0:51  SCV  
  17  1:04  SCV  
  18  1:16  SCV  
  19  1:28  SCV  
  19  1:29  Command Center  
  19  1:32  Reaper  
  21  1:40  SCV  
  22  1:47  Supply Depot  
  22  1:52  SCV  
  23  1:55  Refinery  
  23  2:09  SCV  
  23  2:12  Barracks Reactor  
  24  2:21  SCV  
  25  2:30  Factory, Bunker  
  25  2:33  SCV  
  25  3:00  Marine x2  
  25  3:01  SCV  
  25  3:02  SCV  
  29  3:13  SCV  
  29  3:14  Starport  
  30  3:24  SCV  
  30  3:26  SCV  
  32  3:30  Hellion x2  
  36  3:34  Liberator  
  36  3:35  Armory  
  36  3:36  SCV  
  36  3:40  Barracks Reactor  
  37  3:48  SCV  
  37  3:49  SCV  
  46  3:55  Hellion x2  
  46  4:01  Supply Depot  
  46  4:03  Supply Depot  
  46  4:06  Orbital Command  
  45  4:25  SCV  
  45  4:26  Supply Depot  
  45  4:27  Liberator x2  
  45  4:28  Hellion x2  
  56  4:57  SCV x2, Hellion x2  
  62  5:01  Refinery  
  62  5:05  Refinery  
  62  5:06  Barracks Tech Lab  
  62  5:09  SCV  
  62  5:14  Liberator  
  48  5:30  Hellion  
  48  5:31  Hellion  
  53  5:42  SCV  
  54  5:43  SCV  
  54  5:46  Command Center  
  54  5:47  Stimpack  
  54  5:49  Barracks  
  55  5:51  Barracks  
  55  5:57  SCV  
  55  5:58  SCV  
  57  6:07  Hellion  
  57  6:08  Hellion  
  57  6:10  SCV x2  
  65  6:11  Marauder  
  65  6:15  Engineering Bay  
  65  6:22  SCV  
  66  6:30  Hellion x2  
  70  6:41  Liberator  
  70  6:43  Barracks Reactor  
  70  6:58  SCV x2, Marauder  
  74  7:08  Hellion x2  
  78  7:10  SCV x2  
  78  7:13  Barracks Reactor  
  80  7:29  Marauder, Marine x2  
  84  7:47  Marine  
  85  8:07  Barracks  
  85  8:11  Barracks  
  85  8:14  Planetary Fortress  
  85  8:17  Planetary Fortress  
  85  8:47  Concussive Shells  
  85  8:57  Barracks Reactor  
  85  9:00  Barracks Tech Lab  
  85  9:02  Barracks  
  85  9:04  Barracks  
  85  9:06  Barracks  
  85  9:10  Marine x2  
  85  9:11  SCV x2, Medivac x2, Supply Depot, Hellion x2, Marine x2, Marauder  
  85  9:15  Supply Depot  
  97  9:23  SCV x2  
Show
View Real Time Build Order
Export as new Build Order

Nny Zerg 

Build Orders: Pool First 

Get SALT Encoding   

  12  0:01  Drone  
  13  0:12  Overlord  
  13  0:20  Drone  
  14  0:33  Drone  
  14  0:34  Drone  
  16  0:42  Spawning Pool  
  15  0:49  Drone  
  16  1:06  Hatchery  
  15  1:12  Drone  
  16  1:37  Hatchery  
  15  1:42  Queen  
  17  1:50  Drone  
  17  1:52  Overlord  
  18  1:57  Drone  
  19  2:01  Drone  
  19  2:06  Extractor  
  19  2:14  Zergling x2  
  20  2:21  Queen  
  22  2:26  Queen  
  24  2:37  Zergling x2  
  24  2:38  Zergling x2  
  26  2:50  Zergling x2  
  26  2:51  Drone x2  
  26  2:52  Drone x4  
  32  3:06  Drone x4  
  36  3:14  Drone x3  
  39  3:25  Overlord, Drone x2  
  41  3:39  Drone  
  42  3:45  Drone x8  
  50  3:51  Metabolic Boost  
  50  4:03  Overlord x2  
  50  4:21  Queen x3  
  56  4:25  Overlord x2  
  56  4:26  Drone x5  
  56  4:27  Drone x3  
  63  4:49  Spine Crawler  
  63  4:52  Zergling x4  
  63  4:53  Zergling x12  
  63  4:57  Lair, Extractor  
  66  5:26  Drone x7  
  66  5:27  Drone x2  
  70  5:40  Roach Warren  
  69  5:53  Extractor  
  69  5:54  Extractor  
  69  5:56  Extractor x2  
  65  5:58  Drone  
  65  5:59  Drone x5  
  65  6:00  Zergling x8  
  75  6:08  Hatchery  
  75  6:11  Evolution Chamber  
  73  6:13  Evolution Chamber  
  66  6:49  Roach  
  66  6:50  Roach x7  
  66  6:52  Overlord  
  82  7:22  Queen x3  
  86  7:36  Drone x2  
  86  7:37  Drone  
  89  7:48  Roach  
  89  7:49  Roach x2  
  95  8:04  Overlord x12  
  95  8:05  Overlord  
  95  8:19  Pneumatized Carapace  
  97  8:27  Drone x3  
  98  8:40  Roach x13  
  124  8:45  Hydralisk Den  
  123  8:49  Drone x2  
  119  9:20  Roach x2  
  119  9:21  Roach x11  
  133  9:28  Hatchery  
Tags
 
Add a new tag
Caveats
  • Supply blocks, unpowered buildings, or Contaminate may cause inaccurate times.
  • Supply counts are checked every 10 seconds.